[Event "ICC tourney 2356 (30 5)"]
[Site "Internet Chess Club"]
[Date "2021.01.30"]
[Round "4"]
[White "SASofia"]
[Black "SAWBStevie"]
[Result "1-0"]
[ICCResult "Black checkmated"]
[WhiteElo "1302"]
[BlackElo "908"]
[Opening "Caro-Kann defense"]
[ECO "B10"]
[NIC "CK.01"]
[Time "16:04:10"]
[PlyCount "137"]
[TimeControl "1800+5"]

1. e4 c6 2. Nf3 d5 3. exd5 cxd5 4. d4 Nc6 5. Nc3 Bg4 6. Bb5 e6 7. O-O Ne7
8. h3 Bxf3 9. Qxf3 a6 10. Bxc6+ Nxc6 11. Re1 Nxd4 12. Qd1 Bc5 13. Be3 Qb6
14. Na4 Qb5 15. Nxc5 Qxc5 16. Bxd4 Qb5 17. a4 Qc6 18. Qd3 O-O 19. Qg3 g6
20. Qh4 h6 21. Qf6 e5 22. Qxc6 bxc6 23. Rxe5 Rab8 24. Re7 Rfc8 25. Ra7 c5
26. Be5 Rb6 27. Bc7 Rxb2 28. Be5 Rxc2 29. Rxa6 c4 30. a5 c3 31. Rb6 Re2 32.
Bxc3 Rxc3 33. Rb8+ Kg7 34. a6 Rcc2 35. a7 Ra2 36. a8=Q Rxa8 37. Rbxa8 d4
38. Rd8 Rd2 39. Ra4 d3 40. Ra3 Rd1+ 41. Kh2 d2 42. Ra2 Rc1 43. Rdxd2 h5 44.
Rac2 Ra1 45. Rc7 g5 46. Rdd7 Ra2 47. Rxf7+ Kg6 48. Rg7+ Kf6 49. Rcf7+ Ke5
50. Rxg5+ Ke6 51. Rf3 h4 52. Rh5 Re2 53. Rxh4 Ke5 54. Re3+ Rxe3 55. fxe3
Kf5 56. Ra4 Kg5 57. h4+ Kh5 58. e4 Kg6 59. Ra5 Kf6 60. h5 Kg7 61. e5 Kh6
62. e6 Kg7 63. h6+ Kxh6 64. e7 Kg7 65. e8=Q Kf6 66. Qe5+ Kg6 67. Ra6+ Kf7
68. Qc7+ Kg8 69. Ra8# { Black checkmated } 1-0

[Event "ICC tourney 2356 (30 5)"]
[Site "Internet Chess Club"]
[Date "2021.01.30"]
[Round "4"]
[White "SPBrain"]
[Black "NTH2011"]
[Result "1-0"]
[ICCResult "Black resigns"]
[WhiteElo "1342"]
[BlackElo "1118"]
[Opening "Sicilian: Grand Prix attack"]
[ECO "B23"]
[NIC "SI.44"]
[Time "16:03:17"]
[PlyCount "71"]
[TimeControl "1800+5"]

1. e4 c5 2. Nc3 Nc6 3. f4 g6 4. d3 Bg7 5. Nf3 d6 6. Be3 Nd4 7. Be2 Nxe2 8.
Qxe2 Nf6 9. O-O O-O 10. f5 gxf5 11. exf5 Bxf5 12. Qd2 Ng4 13. h3 Nxe3 14.
Qxe3 Qb6 15. Nd5 Qxb2 16. Nxe7+ Kh8 17. Nxf5 Bf6 18. Qh6 Rg8 19. Nxd6 Rg7
20. Rae1 Rag8 21. Rf2 Bd4 22. Nxd4 Qxd4 23. g4 Qd5 24. Qf6 Qxa2 25. Nxf7+
Qxf7 26. Qxf7 Rxf7 27. Rxf7 Rb8 28. Ree7 b5 29. Rxh7+ Kg8 30. Reg7+ Kf8 31.
Rh8+ Kxg7 32. Rxb8 a6 33. Rb6 Kf7 34. Rxa6 Ke7 35. Ra5 Kd6 36. Rxb5 { Black
resigns } 1-0

[Event "ICC tourney 2356 (30 5)"]
[Site "Internet Chess Club"]
[Date "2021.01.30"]
[Round "4"]
[White "MiaTbim"]
[Black "wileyhowe"]
[Result "1-0"]
[ICCResult "Black checkmated"]
[WhiteElo "1007"]
[BlackElo "771"]
[Opening "Ruy Lopez: Berlin defense, Beverwijk variation"]
[ECO "C65"]
[NIC "RL.07"]
[Time "16:04:10"]
[PlyCount "39"]
[TimeControl "1800+5"]

1. e4 e5 2. Nf3 Nc6 3. Bb5 Nf6 4. O-O Bc5 5. c3 Bb6 6. d4 exd4 7. cxd4 Nxe4
8. Qe2 d5 9. Nc3 Bf5 10. Ne5 Qd6 11. Bxc6+ bxc6 12. Nf3 O-O 13. Be3 c5 14.
dxc5 Bxc5 15. Bxc5 Nxc5 16. Rad1 c6 17. Rfe1 Bd7 18. Qc2 Be6 19. Ng5 Bg4
20. Qxh7# { Black checkmated } 1-0

[Event "ICC tourney 2356 (30 5)"]
[Site "Internet Chess Club"]
[Date "2021.01.30"]
[Round "4"]
[White "Pawnmanicc"]
[Black "SALucasJ"]
[Result "1-0"]
[ICCResult "Black checkmated"]
[WhiteElo "1281"]
[BlackElo "1003"]
[Opening "Dutch"]
[ECO "A80"]
[NIC "HD.12"]
[Time "16:04:02"]
[PlyCount "153"]
[TimeControl "1800+5"]

1. d4 f5 2. Bf4 Nf6 3. e3 g6 4. c3 Bg7 5. Nf3 O-O 6. Bd3 Re8 7. Nbd2 d6 8.
Qc2 Nbd7 9. h4 e5 10. dxe5 dxe5 11. Bc4+ Kh8 12. Bg5 Nb6 13. Bb3 e4 14. Nd4
h6 15. Bf4 Nbd5 16. Bxd5 Nxd5 17. Bg3 Be5 18. Bxe5+ Rxe5 19. Nc4 Re8 20.
Rd1 Nf6 21. Nb5 Qe7 22. Nd4 Rd8 23. Ne2 Rxd1+ 24. Qxd1 b6 25. Ng3 Ba6 26.
Qb3 Qf7 27. Ne5 Qxb3 28. axb3 c5 29. c4 Kg7 30. O-O Bb7 31. Rd1 Re8 32. Nd7
Rd8 33. h5 Rxd7 34. Rxd7+ Nxd7 35. hxg6 Kxg6 36. Ne2 Bc6 37. Nf4+ Kf6 38.
Kh2 Nf8 39. Kh3 Bb7 40. Nh5+ Ke5 41. Nf4 Kf6 42. Nh5+ Kf7 43. Nf4 Ne6 44.
Nh5 Ng7 45. Nf4 Kf6 46. Kh4 Bc6 47. g3 Be8 48. g4 fxg4 49. Kxg4 h5+ 50. Kh3
Kg5 51. Nd5 Nf5 52. Nc3 h4 53. Nxe4+ Kg6 54. Nd2 Bd7 55. Kh2 Kh5 56. Nf3
Kg4 57. Ne5+ Kg5 58. Nxd7 Kg4 59. Ne5+ Kg5 60. Kh3 Nd6 61. Nf3+ Kf5 62.
Kxh4 Ke4 63. Kg4 a5 64. Kg3 Kd3 65. Ne5+ Kc2 66. f4 Kxb3 67. Nd7 a4 68.
Nxb6 Nxc4 69. Nxc4 Kxc4 70. f5 Kb3 71. f6 Kxb2 72. f7 a3 73. f8=Q a2 74.
Qf2+ Ka1 75. Qe1+ Kb2 76. Qd2+ Ka1 77. Qc1# { Black checkmated } 1-0

[Event "ICC tourney 2356 (30 5)"]
[Site "Internet Chess Club"]
[Date "2021.01.30"]
[Round "4"]
[White "augustgps230"]
[Black "RohanL"]
[Result "0-1"]
[ICCResult "White checkmated"]
[WhiteElo "1183"]
[BlackElo "1120"]
[Opening "Sicilian: dragon, Yugoslav attack, 10.O-O-O"]
[ECO "B78"]
[NIC "SI.17"]
[Time "16:03:50"]
[PlyCount "78"]
[TimeControl "1800+5"]

1. e4 c5 2. Nf3 d6 3. d4 cxd4 4. Nxd4 Nf6 5. Nc3 g6 6. Be3 Bg7 7. f3 O-O 8.
Qd2 Bd7 9. O-O-O Nc6 10. Bc4 Ne5 11. Bb3 a5 12. h4 h5 13. Rdg1 e6 14. g4 b5
15. gxh5 Nxh5 16. Ndxb5 Bxb5 17. Nxb5 Nxf3 18. Qf2 Nxg1 19. Rxg1 Qd7 20.
Bc4 d5 21. exd5 exd5 22. Be2 Rab8 23. Qg2 Nf6 24. Nd4 Qb7 25. b3 Ne4 26.
Kb2 Qb4 27. h5 Rfc8 28. Bd3 Qc3+ 29. Kb1 Bxd4 30. Bxd4 Qxd4 31. hxg6 Nc3+
32. Kc1 Nxa2+ 33. Kd2 Rxc2+ 34. Kxc2 Nb4+ 35. Kd1 Qxd3+ 36. Ke1 Re8+ 37.
Kf2 Re2+ 38. Kf1 Rd2+ 39. Ke1 Nc2# { White checkmated } 0-1

[Event "ICC tourney 2356 (30 5)"]
[Site "Internet Chess Club"]
[Date "2021.01.30"]
[Round "4"]
[White "BryBro"]
[Black "minecraft008"]
[Result "0-1"]
[ICCResult "White checkmated"]
[WhiteElo "1211"]
[BlackElo "975"]
[Opening "Scandinavian (center counter) defense"]
[ECO "B01"]
[NIC "SD.02"]
[Time "16:03:52"]
[PlyCount "112"]
[TimeControl "1800+5"]

1. e4 d5 2. exd5 Qxd5 3. Nc3 Qd8 4. Nf3 Bg4 5. h3 Bxf3 6. Qxf3 c6 7. Bc4
Nf6 8. d3 e6 9. Bg5 Be7 10. O-O Nbd7 11. Rfe1 O-O 12. Qg3 g6 13. Bh6 Re8
14. h4 Nh5 15. Qe3 Ndf6 16. g3 Ng4 17. Qe4 Nxh6 18. Qe3 Nf5 19. Qf3 Nf6 20.
Ne4 Nxe4 21. Qxe4 Nd6 22. Qd4 Nxc4 23. Qxc4 Qd5 24. Qxd5 cxd5 25. c4 Rad8
26. Re3 dxc4 27. dxc4 Rd2 28. b3 Red8 29. Ree1 Bf6 30. Rab1 Rxa2 31. Ra1
Rxa1 32. Rxa1 Bxa1 33. Kg2 Rd3 34. b4 Rb3 35. b5 Rc3 36. b6 a6 37. c5 Rxc5
38. h5 Rxh5 39. g4 Rb5 40. f4 Rxb6 41. f5 Rc6 42. fxg6 b5 43. gxh7+ Kxh7
44. g5 b4 45. g6+ fxg6 46. Kf3 b3 47. Ke4 b2 48. Ke5 b1=Q+ 49. Kf4 Qf5+ 50.
Ke3 Rc3+ 51. Ke2 Qf3+ 52. Ke1 Rc1+ 53. Kd2 Qc3+ 54. Ke2 Rc2+ 55. Kf1 Qb2
56. Kg1 Qb1# { White checkmated } 0-1

[Event "ICC tourney 2356 (30 5)"]
[Site "Internet Chess Club"]
[Date "2021.01.30"]
[Round "4"]
[White "rbnyc"]
[Black "kaiw49"]
[Result "1-0"]
[ICCResult "Black checkmated"]
[WhiteElo "1183"]
[BlackElo "850"]
[Opening "Giuoco Piano"]
[ECO "C54"]
[NIC "IG.02"]
[Time "16:03:28"]
[PlyCount "81"]
[TimeControl "1800+5"]

1. e4 e5 2. Nf3 Nc6 3. Bc4 Bc5 4. c3 Nf6 5. d4 exd4 6. e5 Ng4 7. cxd4 Bb4+
8. Nc3 d5 9. Bb5 Bd7 10. O-O O-O 11. h3 a6 12. Bxc6 Bxc6 13. hxg4 Bd7 14.
Bg5 Qe8 15. Nxd5 Ba5 16. Be7 Bc6 17. Bxf8 Bxd5 18. Bc5 b6 19. Ba3 b5 20.
Rc1 b4 21. Rc5 bxa3 22. Rxd5 Bb6 23. Ng5 c6 24. Rd6 Bc7 25. Re1 Bxd6 26.
exd6 Qd8 27. Re7 Qxd6 28. Rxf7 axb2 29. Qb3 Kh8 30. Qxb2 Rb8 31. Rb7 Rxb7
32. Qxb7 Qf8 33. Qxc6 h6 34. Ne6 Qf6 35. Qe8+ Kh7 36. Nf8+ Kg8 37. Nd7+ Qf8
38. Qxf8+ Kh7 39. Ne5 g5 40. Qf7+ Kh8 41. Ng6# { Black checkmated } 1-0

[Event "ICC tourney 2356 (30 5)"]
[Site "Internet Chess Club"]
[Date "2021.01.30"]
[Round "4"]
[White "Leor2011"]
[Black "adlerbe"]
[Result "0-1"]
[ICCResult "White checkmated"]
[WhiteElo "785"]
[BlackElo "1028"]
[Opening "QGD Slav defense"]
[ECO "D10"]
[NIC "SL.01"]
[Time "16:03:22"]
[PlyCount "80"]
[TimeControl "1800+5"]

1. d4 d5 2. c4 c6 3. Nc3 Nf6 4. Bf4 Bf5 5. Nf3 e6 6. Qb3 Qc8 7. e3 Nbd7 8.
Be2 Nb6 9. c5 Nbd7 10. O-O Be7 11. h3 O-O 12. Rac1 Ne4 13. Rfd1 Ndf6 14.
Na4 Nh5 15. Bh2 Bd8 16. g4 Bg6 17. gxh5 Bxh5 18. Kf1 e5 19. Ng1 Qf5 20. f3
Bh4 21. dxe5 Ng5 22. f4 Nf3 23. Kg2 Nxg1 24. Bxh5 Qxh3+ 25. Kxg1 Bg3 26.
Qc2 Bxh2+ 27. Qxh2 Qxe3+ 28. Qf2 Qh3 29. Bf3 Rfe8 30. Qg2 Qh6 31. Kf2 Qxf4
32. Rg1 g6 33. Rcd1 Qxa4 34. Ke3 Rxe5+ 35. Kf2 Rae8 36. Rh1 Qc2+ 37. Kg3
Rg5+ 38. Bg4 Rxg4+ 39. Kxg4 Qxg2+ 40. Kh4 Re4# { White checkmated } 0-1

[Event "ICC tourney 2356 (30 5)"]
[Site "Internet Chess Club"]
[Date "2021.01.30"]
[Round "4"]
[White "SALucas"]
[Black "kgtkgt2010"]
[Result "1-0"]
[ICCResult "Black checkmated"]
[WhiteElo "1286"]
[BlackElo "1295"]
[Opening "Queen's bishop game"]
[ECO "D02"]
[NIC "QP.08"]
[Time "16:03:45"]
[PlyCount "149"]
[TimeControl "1800+5"]

1. d4 d5 2. Nf3 Nf6 3. Bf4 Nbd7 4. Nc3 e6 5. Nb5 Bd6 6. Bxd6 cxd6 7. Nxd6+
Ke7 8. Nxc8+ Rxc8 9. e3 Qa5+ 10. c3 Qb6 11. Rb1 Ne4 12. Qd3 Qa5 13. Be2
Qxa2 14. O-O Rc6 15. Ne5 Rb6 16. Nxd7 Kxd7 17. Bf3 Rxb2 18. Bxe4 dxe4 19.
Qxe4 Rxb1 20. Rxb1 b6 21. Qb7+ Kd6 22. Rf1 Rf8 23. Qe4 h6 24. Qe5+ Ke7 25.
Qxg7 Qc4 26. Qxh6 Qxc3 27. Qg5+ Kd7 28. Qg7 Qb4 29. h4 Ke8 30. h5 Qb5 31.
h6 Qh5 32. h7 a5 33. g3 b5 34. Kg2 Qd5+ 35. f3 Qh5 36. Rh1 Qg6 37. Qxg6
fxg6 38. h8=Q Rxh8 39. Rxh8+ Kd7 40. Ra8 a4 41. Kh3 Kc6 42. Kg4 Kd5 43. Kg5
Kc4 44. Kxg6 Kb3 45. g4 a3 46. g5 a2 47. Kf7 Kb2 48. g6 b4 49. g7 b3 50.
g8=Q a1=Q 51. Rxa1 Kxa1 52. Kxe6 b2 53. Qb8 Kb1 54. Qxb2+ Kxb2 55. d5 Kc3
56. d6 Kd3 57. d7 Kxe3 58. d8=Q Kxf3 59. Qg5 Kf2 60. Qg4 Ke3 61. Qf5 Kd4
62. Kd7 Ke3 63. Qg4 Kd3 64. Qf4 Kc3 65. Qe4 Kb3 66. Qd4 Kc2 67. Qe3 Kb2 68.
Qd3 Kc1 69. Qe2 Kb1 70. Qd2 Ka1 71. Kc6 Kb1 72. Kc5 Ka1 73. Kb4 Kb1 74. Kb3
Ka1 75. Qb2# { Black checkmated } 1-0

[Event "ICC tourney 2356 (30 5)"]
[Site "Internet Chess Club"]
[Date "2021.01.30"]
[Round "4"]
[White "Gaku398973"]
[Black "Skullcrusher"]
[Result "0-1"]
[ICCResult "White checkmated"]
[WhiteElo "1310"]
[BlackElo "1156"]
[Opening "KP: Indian opening"]
[ECO "C20"]
[NIC "KP.10"]
[Time "16:04:10"]
[PlyCount "76"]
[TimeControl "1800+5"]

1. e4 e5 2. d3 Nf6 3. Nc3 Bb4 4. Bd2 Nc6 5. Be2 O-O 6. Nf3 d5 7. exd5 Nxd5
8. O-O Nxc3 9. Bxc3 Bxc3 10. bxc3 Bg4 11. h3 Bh5 12. g4 Bg6 13. Nh2 Qh4 14.
Kg2 Rad8 15. f4 f6 16. Nf3 Qh6 17. f5 Bf7 18. Rb1 e4 19. Nd4 Nxd4 20. cxd4
e3 21. c3 Bxa2 22. Rxb7 Bd5+ 23. Bf3 Bxb7 24. Bxb7 Rfe8 25. Qe2 Rd6 26. c4
Rxd4 27. Bd5+ Kh8 28. Rb1 Qf4 29. Qb2 e2 30. Re1 h5 31. Bf3 Rxd3 32. Qb7 h4
33. Qc6 Qg3+ 34. Kh1 Qxf3+ 35. Kg1 Qxc6 36. Rb1 Rd1+ 37. Rxd1 exd1=Q+ 38.
Kh2 Qch1# { White checkmated } 0-1

[Event "ICC tourney 2356 (30 5)"]
[Site "Internet Chess Club"]
[Date "2021.01.30"]
[Round "4"]
[White "SAanjyu"]
[Black "YoungHytham"]
[Result "0-1"]
[ICCResult "White checkmated"]
[WhiteElo "1125"]
[BlackElo "644"]
[Opening "Two knights defense (Modern bishop's opening)"]
[ECO "C55"]
[NIC "IG.01"]
[Time "16:04:10"]
[PlyCount "86"]
[TimeControl "1800+5"]

1. e4 e5 2. Nf3 Nc6 3. Bc4 Nf6 4. d3 g6 5. O-O Bg7 6. c3 O-O 7. Bg5 d6 8.
Nbd2 Be6 9. Bb3 h6 10. Be3 Ng4 11. Re1 Nf6 12. Nf1 Bg4 13. Ng3 Bxf3 14.
Qxf3 Re8 15. d4 exd4 16. cxd4 Nb4 17. Bd2 Nc6 18. Bc3 Re7 19. e5 dxe5 20.
dxe5 Nh7 21. e6 Bxc3 22. bxc3 fxe6 23. Rxe6 Rxe6 24. Bxe6+ Kg7 25. Qf7+ Kh8
26. Qxg6 Ne7 27. Qxh6 Qd3 28. h3 Qxc3 29. Rc1 Qe5 30. Nh5 Ng8 31. Bf5 Nxh6
32. Bg6 Qg5 33. Rxc7 Qxg6 34. Nf4 Qd6 35. Rc4 b5 36. Re4 Nf6 37. Ng6+ Kg7
38. Re1 Kxg6 39. g4 Nfxg4 40. hxg4 Nxg4 41. f4 Qd4+ 42. Kh1 Rh8+ 43. Kg2
Qf2# { White checkmated } 0-1

[Event "ICC tourney 2356 (30 5)"]
[Site "Internet Chess Club"]
[Date "2021.01.30"]
[Round "4"]
[White "felix2021"]
[Black "fluffyfloofers"]
[Result "1-0"]
[ICCResult "Black checkmated"]
[WhiteElo "978"]
[BlackElo "1157"]
[Opening "Van't Kruijs opening"]
[ECO "A00"]
[Time "16:03:44"]
[PlyCount "51"]
[TimeControl "1800+5"]

1. e3 e5 2. d4 exd4 3. exd4 d5 4. c4 dxc4 5. Bxc4 Nf6 6. Nf3 Be7 7. Qb3 O-O
8. Ne5 Qxd4 9. Bxf7+ Kh8 10. Nf3 Qe4+ 11. Kf1 Nc6 12. Ng5 Qe5 13. Bc4 Nd4
14. Qc3 Ne4 15. Nxe4 Qxe4 16. Be3 Nc2 17. Bd3 Nxe3+ 18. Ke2 Qxg2 19. Qe1
Qf3+ 20. Kd2 Bb4+ 21. Nc3 Nd5 22. Rf1 Qf6 23. Kc2 Nxc3 24. bxc3 Bd6 25. Qe4
c6 26. Qxh7# { Black checkmated } 1-0

[Event "ICC tourney 2356 (30 5)"]
[Site "Internet Chess Club"]
[Date "2021.01.30"]
[Round "4"]
[White "masterviraj"]
[Black "AdrianJSPS33"]
[Result "0-1"]
[ICCResult "White checkmated"]
[WhiteElo "660"]
[BlackElo "925"]
[Opening "Giuoco Pianissimo: Italian four knights variation"]
[ECO "C50"]
[NIC "IG.02"]
[Time "16:03:26"]
[PlyCount "202"]
[TimeControl "1800+5"]

1. e4 e5 2. Nf3 Nc6 3. Bc4 Bc5 4. Nc3 Nf6 5. d3 h6 6. Be3 Bb6 7. Bxb6 axb6
8. Nd5 Nxd5 9. exd5 Na5 10. O-O Nxc4 11. dxc4 d6 12. Re1 O-O 13. Qd3 Qf6
14. Nd2 Bf5 15. Ne4 Qg6 16. f3 Bh3 17. Ng3 Qxd3 18. cxd3 Bd7 19. Ne4 b5 20.
cxb5 Bxb5 21. Re3 f5 22. Nf2 f4 23. Ree1 Ra5 24. Ne4 Ba6 25. Red1 Rxd5 26.
Nf2 Ra8 27. Rac1 c6 28. a3 Bb5 29. Kf1 Ra4 30. Ke2 Rad4 31. Rc3 Kf7 32. Ne4
Ke6 33. b3 Ba6 34. a4 Ra5 35. Rb1 Rad5 36. Nf2 Ra5 37. Ne4 b5 38. axb5 Bxb5
39. b4 Ra2+ 40. Nd2 Kd7 41. Rcb3 Ba4 42. R3b2 Rxb2 43. Rxb2 Bb5 44. Rb3 Kc7
45. Ne4 Kb6 46. Nf2 g5 47. h3 h5 48. g4 h4 49. Kd2 d5 50. Kc3 Ba4 51. Ra3
Kb5 52. Nh1 Bd1 53. Ra8 Bxf3 54. Nf2 c5 55. Rb8+ Kc6 56. bxc5 Kxc5 57. Rg8
Ra4 58. Rc8+ Kb5 59. Rb8+ Kc5 60. Re8 Ra3+ 61. Kd2 Ra2+ 62. Ke1 Ra1+ 63.
Kd2 Kd4 64. Rb8 Ra2+ 65. Ke1 Ke3 66. Rb1 Re2+ 67. Kf1 Rxf2+ 68. Kg1 Rg2+
69. Kf1 Rf2+ 70. Ke1 Re2+ 71. Kf1 Bg2+ 72. Kg1 Bxh3 73. Rb3 d4 74. Rb1 Rg2+
75. Kh1 Kf3 76. Rf1+ Rf2 77. Re1 Bg2+ 78. Kg1 Rf1+ 79. Rxf1+ Bxf1 80. Kxf1
Kxg4 81. Kf2 Kh3 82. Kg1 f3 83. Kf2 g4 84. Kg1 f2+ 85. Kxf2 Kh2 86. Kf1 g3
87. Ke2 g2 88. Kf3 g1=Q 89. Ke4 Qg6+ 90. Kxe5 Qxd3 91. Kd5 Kg3 92. Ke6 Qf5+
93. Kxf5 d3 94. Ke4 d2 95. Ke3 d1=R 96. Ke2 Rd8 97. Ke3 h3 98. Ke2 h2 99.
Kf1 h1=R+ 100. Ke2 Rh7 101. Ke3 Re7# { White checkmated } 0-1

[Event "ICC tourney 2356 (30 5)"]
[Site "Internet Chess Club"]
[Date "2021.01.30"]
[Round "4"]
[White "Anushkaa"]
[Black "IxoyeMoguelLara"]
[Result "0-1"]
[ICCResult "White checkmated"]
[WhiteElo "1281"]
[BlackElo "1312"]
[Opening "Sicilian: Boleslavsky variation"]
[ECO "B58"]
[NIC "SI.25"]
[Time "16:04:09"]
[PlyCount "54"]
[TimeControl "1800+5"]

1. e4 c5 2. Nf3 d6 3. d4 cxd4 4. Nxd4 Nf6 5. Nc3 Nc6 6. Be2 e5 7. Nf3 Be7
8. O-O O-O 9. Be3 Be6 10. a3 d5 11. exd5 Nxd5 12. Nxd5 Bxd5 13. Re1 f5 14.
h3 f4 15. Bd2 e4 16. Nh2 Bc5 17. Bg4 Bxf2+ 18. Kxf2 Qb6+ 19. Kf1 Rad8 20.
b3 h5 21. Bxh5 Nd4 22. Bb4 Nf5 23. g4 fxg3 24. Ng4 Ne3+ 25. Ke2 Nxg4 26.
Qb1 Qe3+ 27. Kd1 Nf2# { White checkmated } 0-1

[Event "ICC tourney 2356 (30 5)"]
[Site "Internet Chess Club"]
[Date "2021.01.30"]
[Round "4"]
[White "SAHYOliver"]
[Black "LionsDavidS"]
[Result "1-0"]
[ICCResult "Black resigns"]
[WhiteElo "1249"]
[BlackElo "1304"]
[Opening "Caro-Kann: advance variation"]
[ECO "B12"]
[NIC "CK.02"]
[Time "16:03:23"]
[PlyCount "85"]
[TimeControl "1800+5"]

1. e4 c6 2. d4 d5 3. e5 c5 4. dxc5 Nc6 5. Nf3 Bg4 6. Bf4 e6 7. Nbd2 Bxc5 8.
Be2 Bxf3 9. Nxf3 Nge7 10. O-O O-O 11. h3 Ng6 12. Bg5 Qc7 13. Bd3 Ncxe5 14.
Nxe5 Qxe5 15. Bxg6 hxg6 16. Bc1 Kh7 17. Kh1 Rh8 18. c3 Kg8 19. Re1 Qd6 20.
Qf3 Rf8 21. Bf4 Qb6 22. Be3 Bxe3 23. Qxe3 Qc6 24. Qxa7 b6 25. Qa6 Ra8 26.
Qd3 Qc5 27. Qd4 Qd6 28. c4 Rc8 29. cxd5 Rc5 30. Re5 b5 31. Rd1 Rh4 32. Qxh4
Qxe5 33. d6 g5 34. Qb4 Rd5 35. Rxd5 Qxd5 36. b3 Kf8 37. d7+ Kg8 38. Qe7 Qe5
39. d8=Q+ Kh7 40. Qd3+ f5 41. Qxg5 Qe1+ 42. Kh2 Qe5+ 43. Qdg3 { Black
resigns } 1-0

[Event "ICC tourney 2356 (30 5)"]
[Site "Internet Chess Club"]
[Date "2021.01.30"]
[Round "5"]
[White "NoGameJustWins"]
[Black "Aidenmaps"]
[Result "0-1"]
[ICCResult "White checkmated"]
[WhiteElo "1016"]
[BlackElo "985"]
[Opening "Giuoco Piano: four knights variation"]
[ECO "C50"]
[NIC "IG.02"]
[Time "18:01:29"]
[PlyCount "36"]
[TimeControl "1800+5"]

1. e4 e5 2. Nf3 Nc6 3. Bc4 Bc5 4. Nc3 Nf6 5. O-O d6 6. d3 Bg4 7. Bg5 Nd4 8.
Nxd4 Bxd1 9. Bxf6 Qxf6 10. Raxd1 Bxd4 11. b3 Bxc3 12. f3 Bd4+ 13. Kh1 h5
14. Bd5 O-O-O 15. Rc1 h4 16. c3 Bb6 17. Rfd1 h3 18. g3 Qxf3# { White
checkmated } 0-1

[Event "ICC tourney 2356 (30 5)"]
[Site "Internet Chess Club"]
[Date "2021.01.30"]
[Round "5"]
[White "wileyhowe"]
[Black "NiccoloChess"]
[Result "0-1"]
[ICCResult "White resigns"]
[WhiteElo "771"]
[BlackElo "1014"]
[Opening "Queen's pawn game"]
[ECO "A45"]
[NIC "QP.07"]
[Time "18:01:22"]
[PlyCount "52"]
[TimeControl "1800+5"]

1. d4 Nf6 2. c3 g6 3. c4 Bg7 4. Nc3 O-O 5. Nf3 d6 6. Be3 Nc6 7. g3 e5 8. d5
Nb4 9. a3 Na6 10. Bg2 Bd7 11. O-O Re8 12. b4 c5 13. b5 Nc7 14. Re1 h5 15.
h4 Ng4 16. Bg5 Nf6 17. e4 a6 18. Qd2 axb5 19. cxb5 Nxb5 20. Nxb5 Bxb5 21.
Qb4 cxb4 22. axb4 Rxa1 23. Rxa1 Ba6 24. Bh3 Bb5 25. Nd2 Bd7 26. Nb3 Bxh3 {
White resigns } 0-1

[Event "ICC tourney 2356 (30 5)"]
[Site "Internet Chess Club"]
[Date "2021.01.30"]
[Round "5"]
[White "SALucasJ"]
[Black "BryBro"]
[Result "0-1"]
[ICCResult "White checkmated"]
[WhiteElo "1003"]
[BlackElo "1211"]
[Opening "Bishop's opening: Classical variation"]
[ECO "C23"]
[NIC "IG.04"]
[Time "18:01:06"]
[PlyCount "132"]
[TimeControl "1800+5"]

1. e4 e5 2. Bc4 Bc5 3. Nc3 Nf6 4. d3 h6 5. f4 d6 6. f5 Nc6 7. g4 Bd7 8. g5
hxg5 9. Bxg5 Nd4 10. Nd5 Bc6 11. Nxf6+ gxf6 12. Bd2 Qd7 13. Nf3 Nxf3+ 14.
Qxf3 O-O-O 15. O-O-O Bb5 16. Bxb5 Qxb5 17. Be3 Bxe3+ 18. Qxe3 Qb6 19. Qxb6
axb6 20. h4 Rh5 21. Rdg1 Rh6 22. h5 Rdh8 23. Rg7 Rf8 24. c4 Kd7 25. b4 Ke7
26. a4 Rfh8 27. Rg3 Rxh5 28. Rxh5 Rxh5 29. Kd2 Rg5 30. Rxg5 fxg5 31. Ke2 f6
32. Kf3 Kf7 33. Kg4 Kg7 34. Kh5 c6 35. a5 bxa5 36. bxa5 c5 37. Kg4 Kh6 38.
Kg3 Kh5 39. Kh3 g4+ 40. Kg2 Kh4 41. Kh2 g3+ 42. Kg2 Kg4 43. Kg1 Kf3 44. Kf1
g2+ 45. Kg1 Ke3 46. Kxg2 Kxd3 47. Kf2 Kxe4 48. Ke2 Kxf5 49. Ke3 Ke6 50. Kd3
f5 51. Ke3 Kf6 52. Kf3 Kg5 53. Kg3 f4+ 54. Kf3 Kf5 55. Kf2 Kg4 56. Kg2 e4
57. Kf2 e3+ 58. Ke2 Kg3 59. Ke1 f3 60. Kf1 e2+ 61. Ke1 Kg2 62. Kd2 f2 63.
Kc3 e1=Q+ 64. Kb3 Qxa5 65. Kc2 f1=Q 66. Kb3 Qb1# { White checkmated } 0-1

[Event "ICC tourney 2356 (30 5)"]
[Site "Internet Chess Club"]
[Date "2021.01.30"]
[Round "5"]
[White "ASJosh26"]
[Black "rbnyc"]
[Result "0-1"]
[ICCResult "White resigns"]
[WhiteElo "1218"]
[BlackElo "1183"]
[Opening "two knights defense"]
[ECO "C58"]
[NIC "KP.01"]
[Time "18:03:10"]
[PlyCount "100"]
[TimeControl "1800+5"]

1. e4 e5 2. Nf3 Nc6 3. Bc4 Nf6 4. Ng5 d5 5. exd5 Na5 6. Bb3 Nxd5 7. Bxd5
Qxd5 8. Qf3 Qxf3 9. Nxf3 Nc6 10. Nc3 Bc5 11. d3 Bg4 12. Be3 Bxe3 13. fxe3
O-O-O 14. O-O-O f6 15. h3 Be6 16. a3 Rhe8 17. d4 exd4 18. exd4 Bc4 19. b3
Be2 20. Rde1 Bxf3 21. Rxe8 Rxe8 22. gxf3 Nxd4 23. Rf1 Ne2+ 24. Nxe2 Rxe2
25. Kd1 Rh2 26. Rg1 Rxh3 27. Rxg7 h5 28. Rh7 f5 29. Ke2 b6 30. Rf7 Rh2+ 31.
Kd3 h4 32. Rxf5 h3 33. Rh5 Kd7 34. c3 Rh1 35. Ke2 h2 36. Kf2 Ra1 37. Kg2
h1=Q+ 38. Rxh1 Rxa3 39. Rd1+ Ke6 40. Rb1 c5 41. c4 Ra2+ 42. Kg3 a5 43. Re1+
Kf5 44. Re4 Ra3 45. Rf4+ Ke5 46. Re4+ Kd6 47. Re3 a4 48. Rd3+ Kc6 49. f4
Rxb3 50. Rxb3 axb3 { White resigns } 0-1

[Event "ICC tourney 2356 (30 5)"]
[Site "Internet Chess Club"]
[Date "2021.01.30"]
[Round "5"]
[White "Patrickmps33"]
[Black "VictorH2010"]
[Result "0-1"]
[ICCResult "White checkmated"]
[WhiteElo "557"]
[BlackElo "924"]
[Opening "Sicilian"]
[ECO "B50"]
[NIC "SI.01"]
[Time "18:01:26"]
[PlyCount "56"]
[TimeControl "1800+5"]

1. e4 c5 2. Nf3 d6 3. Bc4 Nc6 4. Ng5 e6 5. d3 Be7 6. Nf3 Nf6 7. Nc3 O-O 8.
d4 h6 9. Bf4 Bd7 10. O-O Qc7 11. Qe2 Rfe8 12. Rad1 Rad8 13. Rfe1 b6 14. Qd2
cxd4 15. Nxd4 Nxd4 16. Qxd4 e5 17. Nd5 Nxd5 18. Qxd5 exf4 19. Qxf7+ Kh7 20.
Rd5 Qxc4 21. Qxf4 Be6 22. Rd3 Qxc2 23. Red1 Bg5 24. Qg3 Qe2 25. Rd4 Rc8 26.
Qxd6 Rcd8 27. Qc7 Rxd4 28. Rxd4 Qe1# { White checkmated } 0-1

[Event "ICC tourney 2356 (30 5)"]
[Site "Internet Chess Club"]
[Date "2021.01.30"]
[Round "5"]
[White "IxoyeMoguelLara"]
[Black "SAHYOliver"]
[Result "1-0"]
[ICCResult "Black checkmated"]
[WhiteElo "1312"]
[BlackElo "1249"]
[Opening "English: Mikenas-Carls variation"]
[ECO "A18"]
[NIC "EO.64"]
[Time "18:01:36"]
[PlyCount "29"]
[TimeControl "1800+5"]

1. c4 e6 2. Nc3 Nf6 3. e4 Bb4 4. e5 Bxc3 5. bxc3 Ng8 6. d4 Ne7 7. Qg4 Rg8
8. Bd3 Nf5 9. Bg5 f6 10. Bxf6 Nh6 11. Qh5+ g6 12. Qxh6 Qxf6 13. exf6 Kf7
14. Qxh7+ Kf8 15. Qe7# { Black checkmated } 1-0